 Dungeon Crawl Stone Soup version 0.29.1-15-g9cfb28693d (webtiles) character file.

Game seed: 7348194485719445525

158 leafyfresh the Covert (level 5, -1/47 HPs)
             Began as a Gnoll Delver on Mar 3, 2023.
             Slain by a goblin
             ... wielding a +0 club
             ... led by Robin
              (3 damage)
             ... on level 2 of the Dungeon.
             The game lasted 00:01:45 (1271 turns).

leafyfresh the Covert (Gnoll Delver)                Turns: 1271, Time: 00:01:45

Health: -1/47      AC:  3    Str: 11    XL:     5   Next: 40%
Magic:  7/7        EV: 13    Int:  9    God:
Gold:   96         SH:  0    Dex: 16    Spells: 7/7 levels left

rFire   . . .      SeeInvis .   a - +0 short sword
rCold   . . .      Faith    .   (no shield)
rNeg    . . .      Spirit   .   b - +0 leather armour
rPois   .          Reflect  .   (no helmet)
rElec   .          Harm     .   (no cloak)
rCorr   .          Rampage  .   (no gloves)
Will    .....                   (no boots)
Stlth   ++++......              (no amulet)
HPRegen 0.15/turn               k - ring of flight
MPRegen 0.10/turn               (no ring)

@: flying
A: fangs 1, strong nose, distributed training
a: no special abilities


You were on level 2 of the Dungeon.
You visited 1 branch of the dungeon, and saw 4 of its levels.

You collected 96 gold pieces.

Inventory:

Hand Weapons
 a - a +0 short sword (weapon)
 o - a +0 sling
Armour
 b - a +0 leather armour (worn)
Jewellery
 k - a ring of flight (left hand)
 p - a +6 ring of strength
Wands
 g - a wand of digging (3)
Scrolls
 c - 2 scrolls of fog
 d - a scroll of magic mapping
 e - a scroll of fear
 h - a scroll of summoning {unknown}
 i - a scroll of silence {unknown}
 j - 2 scrolls of identify {unknown}
 l - a scroll of poison {unknown}
Potions
 f - a potion of haste
 m - a potion of degeneration {unknown}
 n - a potion of might {unknown}
 q - a potion of flight {unknown}


   Skills:
 + Level 6.7 Fighting
 + Level 4.8 Short Blades
 + Level 1.5 Long Blades
 + Level 1.5 Axes
 + Level 1.5 Maces & Flails
 + Level 1.5 Polearms
 + Level 1.5 Staves
 + Level 1.5 Ranged Weapons
 + Level 1.5 Throwing
 + Level 1.5 Armour
 + Level 4.8 Dodging
 + Level 9.7 Stealth
 + Level 1.5 Shields
 + Level 1.5 Unarmed Combat
 + Level 1.5 Spellcasting
 + Level 1.2 Conjurations
 + Level 1.2 Hexes
 + Level 1.2 Summonings
 + Level 1.2 Necromancy
 + Level 1.2 Translocations
 + Level 1.2 Transmutations
 + Level 1.2 Fire Magic
 + Level 1.2 Ice Magic
 + Level 1.2 Air Magic
 + Level 1.2 Earth Magic
 + Level 1.2 Poison Magic
 + Level 1.7 Invocations
 + Level 1.5 Evocations


You had 7 spell levels left.
You didn't know any spells.
Your spell library was empty.

Dungeon Overview and Level Annotations

Branches:
Dungeon (5/15)
 Temple: D:4-7

Altars:

Annotations:
D:2 Robin


Innate Abilities, Weirdness & Mutations

You have very sharp teeth.
Your uncanny sense of smell can sniff out nearby items.
Your experience applies equally to all skills.


Message History

You hit the goblin.
You kill the goblin!
The hobgoblin closely misses you.
You hit the hobgoblin.
The hobgoblin is moderately wounded.
The hobgoblin barely misses you.
You closely miss the goblin. You bite the goblin.
The goblin is moderately wounded.
The hobgoblin barely misses you.
You miss the goblin.
The goblin is moderately wounded.
The goblin barely misses you. The goblin closely misses you.
The hobgoblin misses you.
You hit the goblin.
You kill the goblin!
The goblin hits you with a +0 club.
You closely miss the hobgoblin.
The hobgoblin is moderately wounded.
The goblin closely misses you. The hobgoblin hits you.
The goblin barely misses you.
You hit the hobgoblin.
You bite the hobgoblin, but do no damage.
The hobgoblin is almost dead.
You hit the hobgoblin.
You kill the hobgoblin!
The goblin closely misses you. x2
You hit the goblin.
The goblin is heavily wounded.
The hobgoblin hits you. The goblin hits you with a +0 club.
* * * LOW HITPOINT WARNING * * *
The goblin closely misses you.
You hit the hobgoblin.
The hobgoblin is almost dead.
The hobgoblin no longer looks unusually strong.
The hobgoblin hits you.
* * * LOW HITPOINT WARNING * * *
The goblin hits you with a +0 club.
* * * LOW HITPOINT WARNING * * *
The goblin hits you with a +0 club.
You die...

## #. ∆ #. ## #. <.. #.
#.############## ##
###............g@# g
#..............gg####..g.
#..............ggg†.ggg..
#........###....g....g...
#........#.#.##..........
#......##.##.##..........
#......#.#...............
######
#....##.##...............
#.....
.....#.#...##....(.###...
#.....


You could see Robin, 3 hobgoblins and 3 goblins.

Vanquished Creatures
  A scorpion (D:5)
  A hound (D:4)
  4 adders
  A dart slug (D:3)
  An orc (D:3)
  2 ball pythons (D:4)
  2 endoplasms (D:2)
  5 goblins (D:2)
  4 hobgoblins
  A quokka (D:2)
  A frilled lizard (D:2)
  4 kobolds
  A rat (D:2)
28 creatures vanquished.

Notes
Turn   | Place    | Note
-------+----------+-------------------------------------------
     0 | D:5      | Reached skill level 9 in Stealth
     0 | D:5      | leafyfresh the Gnoll Delver began the quest for the Orb.
     0 | D:5      | Reached XP level 1. HP: 23/23 MP: 1/1
    33 | D:5      | Noticed a scorpion
    37 | D:5      | Killed a scorpion
    38 | D:5      | Reached skill level 1 in Long Blades
    38 | D:5      | Reached skill level 1 in Axes
    38 | D:5      | Reached skill level 1 in Maces & Flails
    38 | D:5      | Reached skill level 1 in Polearms
    38 | D:5      | Reached skill level 1 in Staves
    38 | D:5      | Reached skill level 1 in Ranged Weapons
    38 | D:5      | Reached skill level 1 in Throwing
    38 | D:5      | Reached skill level 1 in Armour
    38 | D:5      | Reached skill level 1 in Shields
    38 | D:5      | Reached skill level 1 in Unarmed Combat
    38 | D:5      | Reached skill level 1 in Spellcasting
    38 | D:5      | Reached skill level 1 in Invocations
    38 | D:5      | Reached skill level 1 in Evocations
    38 | D:5      | Reached XP level 2. HP: 29/29 MP: 1/3
    38 | D:5      | Reached XP level 3. HP: 35/35 MP: 1/4
    38 | D:5      | Reached XP level 4. HP: 41/41 MP: 1/5
   146 | D:4      | Reached skill level 1 in Conjurations
   146 | D:4      | Reached skill level 1 in Hexes
   146 | D:4      | Reached skill level 1 in Summonings
   146 | D:4      | Reached skill level 1 in Necromancy
   146 | D:4      | Reached skill level 1 in Translocations
   146 | D:4      | Reached skill level 1 in Transmutations
   146 | D:4      | Reached skill level 1 in Fire Magic
   146 | D:4      | Reached skill level 1 in Ice Magic
   146 | D:4      | Reached skill level 1 in Air Magic
   146 | D:4      | Reached skill level 1 in Earth Magic
   146 | D:4      | Reached skill level 1 in Poison Magic
   888 | D:2      | Reached XP level 5. HP: 47/47 MP: 7/7
  1253 | D:2      | Noticed Robin
  1271 | D:2      | HP: 2/47 [goblin/+0 club[Robin] (3)]
  1271 | D:2      | Slain by a goblin

Illustrated notes

Levels and vault maps discovered:
D:2:      layout_basic, minmay_vboxes, uniq_robin
D:3:      layout_basic, eat_drink_and_be_merry_uskayaw, uniq_ijyb
D:4:      layout_gridville, chequers_mini_garden, minmay_stone_trees_small,
          kennysheep_path_1, grunt_ministairs_5
D:5:      layout_basic, nicolae_gozag_zags_fifth_avenue,
          nicolae_overflow_hallway_of_the_gods, minmay_temple_entry_tees,
          uniq_menkaure

Skill      XL: |  1  2  3  4 |
---------------+-------------+-----
Stealth        | |  9.7
Long Blades    | 1 |  1.5
Axes           | 1 |  1.5
Maces & Flails | 1 |  1.5
Polearms       | 1 |  1.5
Staves         | 1 |  1.5
Ranged Weapons | 1 |  1.5
Throwing       | 1 |  1.5
Armour         | 1 |  1.5
Shields        | 1 |  1.5
Unarmed Combat | 1 |  1.5
Spellcasting   | 1 |  1.5
Invocations    | 1 |  1.7
Evocations     | 1 |  1.5
Conjurations   | 1 |  1.2
Hexes          | 1 |  1.2
Summonings     | 1 |  1.2
Necromancy     | 1 |  1.2
Translocations | 1 |  1.2
Transmutations | 1 |  1.2
Fire Magic     | 1 |  1.2
Ice Magic      | 1 |  1.2
Air Magic      | 1 |  1.2
Earth Magic    | 1 |  1.2
Poison Magic   | 1 |  1.2
Fighting       | |  6.7
Short Blades   | |  4.8
Dodging        | |  4.8

Action                   |  1- 3 |  4- 6 || total
-------------------------+-------+-------++-------
Melee: Short sword       |     1 |    85 ||    86
       Bite              |       |    11 ||    11
 Fire: Sling             |       |    14 ||    14
 Stab: Sleeping          |     1 |     6 ||     7
Armor: Leather armour    |       |    20 ||    20
Dodge: Dodged            |       |    69 ||    69
